 Dungeon Crawl Stone Soup version 0.29.0-11-gd7f09526c8 (console) character file.

Game seed: 10841602575671623612

4208 odiv the Envoy of Void (level 10, -7/79 HPs)
             Began as a Demonspawn Wanderer on Sept 3, 2022.
             Was a High Priest of Lugonu.
             Mangled by an orc warrior
             ... wielding a +0 war axe
              (9 damage)
             ... in a bailey.
             The game lasted 00:49:10 (11398 turns).

odiv the Envoy of Void (Demonspawn Wanderer)       Turns: 11398, Time: 00:49:11

Health: -7/79      AC:  6    Str: 18    XL:     10   Next: 8%
Magic:  17/17      EV: 13    Int: 21    God:    Lugonu [*****.]
Gold:   808        SH:  0    Dex: 19    Spells: 10/19 levels left

rFire   . . .      SeeInvis .   P - +1 spear (freeze)
rCold   + . .      Faith    .   (no shield)
rNeg    + . .      Spirit   .   L - +1 robe "Weileg" {rC+ rN+ Int+3}
rPois   .          Reflect  .   (helmet currently unavailable)
rElec   .          Harm     .   D - scarf {shadows}
rCorr   .          Rampage  .   y - +0 pair of gloves
Will    .....                   (boots currently unavailable)
Stlth   ++........              K - amulet of regeneration
HPRegen 1.03/turn               v - +6 ring of dexterity
MPRegen 0.15/turn               F - +6 ring of strength

@: mighty, appendages (expiring)
A: talons 2, horns 2, slimy green scales 1, powered by death 1, powered by pain
2
a: End Transformation, Renounce Religion, Depart the Abyss, Bend Space, Banish,
Corrupt, Enter the Abyss


You were in a bailey.
You worshipped Lugonu.
Lugonu was extremely pleased with you.
You had temporarily grown beastly talons.
You visited 1 branch of the dungeon, and saw 8 of its levels.
You also visited: Bailey.

You collected 808 gold pieces.

Inventory:

Hand Weapons
 a - a +2 dagger of venom
 b - a +0 sling
 e - a +5 vorpal double sword
 t - a +0 quarterstaff of draining
 E - a +1 vorpal trident
 I - a +2 shortbow of flaming
 J - a +3 dagger
 N - a +0 vampiric halberd
 P - a +1 spear of freezing (weapon)
Missiles
 h - 58 stones (quivered)
 i - 3 atropa-tipped darts
 k - 50 poisoned darts
 l - 13 boomerangs
 u - 2 silver boomerangs
Armour
 g - a +2 leather armour of poison resistance
 y - a +0 pair of gloves (worn)
 D - a scarf of shadows (worn)
 L - the +1 robe "Weileg" (worn) {rC+ rN+ Int+3}
   (You found it on level 6 of the Dungeon)

   Int:       It affects your intelligence (+3).
   rC:        It protects you from cold.
   rN:        It protects you from negative energy.
Magical Staves
 r - a staff of cold
 O - a staff of conjuration
Jewellery
 o - an amulet of reflection
 v - a +6 ring of dexterity (left hand)
 F - a +6 ring of strength (right hand)
 K - an amulet of regeneration (around neck)
Wands
 d - a wand of digging (7)
Scrolls
 f - a scroll of poison
 j - 2 scrolls of amnesia
 w - 2 scrolls of enchant armour
 x - a scroll of enchant weapon
 M - a scroll of blinking
Potions
 c - a potion of curing
 B - 3 potions of brilliance
 C - a potion of mutation
 G - 2 potions of resistance


   Skills:
 - Level 7.0 Fighting
 + Level 1.2 Long Blades
 - Level 1.7 Throwing
 + Level 2.7 Dodging
 - Level 5.0 Spellcasting
 + Level 4.2 Transmutations
 + Level 7.0 Ice Magic
 - Level 2.0 Poison Magic
 + Level 8.9 Invocations
 - Level 1.0 Evocations


You had 10 spell levels left.
You knew the following spells:

 Your Spells              Type           Power      Damage    Failure   Level
a - Sting                 Tmut/Pois      72%        1d6       3%          1
b - Beastly Appendage     Tmut           46%        N/A       1%          1
c - Ozocubu's Armour      Ice            34%        N/A       1%          3
d - Ice Form              Ice/Tmut       28%        N/A       11%         4

Your spell library contained the following spells:

 Spells                   Type           Power      Damage    Failure   Level
 Summon Small Mammal      Summ           20%        N/A       11%         1
 Ignite Poison            Fire/Tmut/Pois 14%        N/A       14%         3
 Call Canine Familiar     Summ           5%         N/A       32%         3
 Portal Projectile        Hex/Tloc       10%        N/A       32%         3
 Summon Guardian Golem    Hex/Summ       5%         N/A       32%         3
 Petrify                  Tmut/Erth      14%        N/A       41%         4
 Metabolic Englaciation   Hex/Ice        9%         N/A       56%         5
 Leda's Liquefaction      Hex/Erth       2%         N/A       71%         4
 Simulacrum               Ice/Necr       9%         N/A       98%         6


Dungeon Overview and Level Annotations

Branches:
Dungeon (8/15)             Temple (0/1) D:7          Bailey (1/1)
   Lair: D:8-11

Altars:
Fedhas
Makhleb
Okawaru
Ru
Vehumet
Lugonu

Shops:
D:3 [   D:5 =*   D:6 :

Annotations:
D:3 3 runed translucent doors, exclusion: oklob plant, miserystealer's ghost, amateur GnAM; xian's ghost, amateur OpIE


Innate Abilities, Weirdness & Mutations

You have temporarily grown beastly talons.
You have a pair of horns on your head.
You are partially covered in slimy green scales. (AC +2)
You regenerate a little health from kills.
You sometimes gain power by taking damage.


Message History

Confirm with . or Enter, or press ? or * to list all spells.
Your feet morph into talons.
You barely miss the orc warrior. You claw the orc warrior.
The orc warrior is moderately wounded.
You hit the orc warrior but do no damage.
Your kick misses the orc warrior.
The orc warrior is moderately wounded.
The orc warrior hits you with a +0 war axe!
* * * LOW HITPOINT WARNING * * *
You focus on the pain.
You feel very mighty all of a sudden.
As you read the scroll of teleportation, it crumbles to dust.
You feel strangely unstable. The orc warrior misses you.
Your icy armour will break if you move.
Continue?
Your icy armour cracks and falls away as you move.
The orc warrior attacks as you move away!
The orc warrior hits you with a +0 war axe.
* * * LOW HITPOINT WARNING * * *
Your surroundings suddenly seem different.
The kobold brigand shouts!
You hear a shout! x2
It's broken and can't be closed.
You enter the shallow water.
Moving in this stuff is going to be slow.
The kobold brigand throws a poisoned dart.
The poisoned dart hits you!
You are poisoned.
You feel sick.
You feel sick.
You feel sick.
You enter the shallow water.
Moving in this stuff is going to be slow.
You feel sick.
Your transformation is almost over.
You feel sick.
You feel sick.
You are no longer poisoned.
The orc warrior hits you with a +0 war axe!
* * * LOW HITPOINT WARNING * * *
The orc warrior hits you with a +0 war axe!
You die...

#...∩...# #o.)....#
##).∩..## ##)''##
#...# #...# #...#
####...####
##~@..÷.†.~##
#####~~o......~~#####
#.K..~~.).....~~....#
#.###~~.......~~###.#
#....~~.......~~....#
#.###~~.......~~###.#
#....~~.......~~....#
#.###~~.......~~###.#
#K...~~.......~~....#


You could see an orc warrior and a kobold brigand.

Vanquished Creatures
  A wyvern (D:7)
  A steam dragon (D:7)
  A yak (D:7)
  A water moccasin (D:8)
  Duvessa (D:4)
  An ice beast (D:6)
  3 orc warriors
  3 black bears
  A sky beast (D:6)
  5 centaurs
  5 kobold brigands
  A gnoll sergeant (D:7)
  4 bullfrogs
  2 scorpions
  4 wights (D:7)
  Dowan (D:4)
  9 killer bees
  2 howler monkeys
  2 jellies (D:5)
  4 orc priests
  A gnoll bouda (D:6)
  A hound (D:6)
  3 iguanas (D:5)
  2 orc wizards
  10 gnolls
  6 adders
  A shadow imp (D:8)
  2 ufetubi (D:5)
  3 worms
  2 dart slugs
  34 orcs
  10 ball pythons
  6 endoplasms
  3 giant cockroaches
  8 goblins
  4 hobgoblins
  20 jackals
  24 kobolds
  A quokka (D:4)
  4 bats
  3 frilled lizards (D:1)
  5 rats
205 creatures vanquished.

Vanquished Creatures (collateral kills)
  A yak (D:8)
  3 orcs (D:8)
4 creatures vanquished.

Vanquished Creatures (others)
  2 yaks (D:8)
  5 fungi (D:5)
  5 plants (D:5)
12 creatures vanquished.

Grand Total: 221 creatures vanquished

Notes
Turn   | Place    | Note
-------+----------+-------------------------------------------
     0 | D:1      | odiv the Demonspawn Wanderer began the quest for the Orb.
     0 | D:1      | odiv set off with the following items: a +0 dagger, 14
                  | poisoned darts, a potion of curing, a +0 robe; and the
                  | following spells available to memorise: Sting, Beastly
                  | Appendage, Ignite Poison, Ice Form, Petrify.
     0 | D:1      | Reached XP level 1. HP: 13/13 MP: 3/3
     2 | D:1      | Learned a level 1 spell: Sting
     4 | D:1      | Learned a level 1 spell: Beastly Appendage
   419 | D:1      | Gained mutation: You sometimes gain a little power by
                  | taking damage. [demonic ancestry]
   419 | D:1      | Reached XP level 2. HP: 19/19 MP: 5/5
   998 | D:1      | Reached XP level 3. HP: 15/25 MP: 1/6
  1159 | D:1      | Reached skill level 1 in Fighting
  1422 | D:1      | Found a faded altar of an unknown god.
  1441 | D:1      | Prayed at the altar of an unknown god.
  1441 | D:1      | Became a worshipper of Lugonu the Unformed
  1441 | D:1      | Reached * piety under Lugonu
  1441 | D:1      | Reached ** piety under Lugonu
  2122 | D:2      | Reached skill level 1 in Invocations
  2164 | D:2      | You fall into a shaft and drop 2 floors!
  2168 | D:4      | Noticed a scorpion
  2341 | D:4      | Noticed a black bear
  2443 | D:3      | Gained mutation: You sometimes gain power by taking damage.
                  | [demonic ancestry]
  2443 | D:3      | Reached XP level 4. HP: 22/33 MP: 2/7
  2934 | D:3      | Found a burning altar of Makhleb.
  3010 | D:3      | Reached skill level 2 in Invocations
  3282 | D:3      | Found Kezxexux's Armour Shoppe.
  3283 | D:3      | Found a runed translucent gate.
  3283 | D:3      | Found a runed translucent gate.
  3283 | D:3      | Found a runed translucent gate.
  3284 | D:3      | Noticed miserystealer's ghost (amateur GnAM)
  3330 | D:3      | Found a blossoming altar of Fedhas.
  3345 | D:3      | Noticed an oklob plant
  3587 | D:3      | Found a sacrificial altar of Ru.
  3687 | D:3      | Found a radiant altar of Vehumet.
  3858 | D:3      | Noticed xian's ghost (amateur OpIE)
  4357 | D:4      | Killed a black bear
  4358 | D:4      | Reached skill level 3 in Invocations
  4358 | D:4      | Reached XP level 5. HP: 31/41 MP: 2/8
  4414 | D:4      | Reached *** piety under Lugonu
  4445 | D:4      | Reached skill level 4 in Invocations
  4542 | D:4      | Mutation became permanent: You have a pair of small horns
                  | on your head. [demonic ancestry]
  4542 | D:4      | Gained mutation: You have a pair of horns on your head.
                  | [demonic ancestry]
  4542 | D:4      | Reached XP level 6. HP: 46/48 MP: 6/9
  4908 | D:4      | Noticed Duvessa
  4939 | D:4      | Killed Duvessa
  4940 | D:4      | Reached skill level 1 in Ice Magic
  4943 | D:5      | Entered Level 5 of the Dungeon
  5192 | D:4      | Learned a level 3 spell: Ozocubu's Armour
  5210 | D:5      | Reached skill level 5 in Invocations
  5267 | D:5      | Found an iron altar of Okawaru.
  5286 | D:5      | Found Lixanny's Elemental Accessories.
  5392 | D:5      | Gained mutation: You regenerate a little health from kills.
                  | [demonic ancestry]
  5392 | D:5      | Reached XP level 7. HP: 55/55 MP: 7/10
  6383 | D:5      | Found Vahur's Jewellery Emporium.
  6569 | D:6      | Reached skill level 5 in Fighting
  6569 | D:6      | Reached skill level 6 in Invocations
  6964 | D:6      | Gained mutation: You have a pair of horns on your head.
                  | [demonic ancestry]
  6964 | D:6      | Reached XP level 8. HP: 27/63 MP: 11/13
  7365 | D:6      | Found Wixyng's Book Boutique.
  7822 | D:6      | Reached skill level 7 in Invocations
  8798 | D:6      | Identified the +1 robe "Weileg" {rC+ rN+ Int+3}
  9176 | D:7      | Reached skill level 8 in Invocations
  9223 | D:4      | Noticed Dowan
  9235 | D:4      | Killed Dowan
  9319 | D:7      | Identified the +4 chain mail "Xayqef" {Slay+5}
  9443 | D:7      | Reached skill level 5 in Ice Magic
  9500 | D:7      | Found a staircase to the Ecumenical Temple.
  9666 | D:7      | Reached **** piety under Lugonu
  9667 | D:7      | Reached XP level 9. HP: 71/71 MP: 9/15
 10404 | D:7      | Learned a level 4 spell: Ice Form
 10428 | D:7      | Reached skill level 5 in Spellcasting
 10480 | D:8      | Identified a scroll of acquirement
 10481 | D:8      | Acquired a +5 vorpal double sword
 11035 | D:8      | Reached ***** piety under Lugonu
 11124 | D:8      | Gained mutation: You are partially covered in slimy green
                  | scales. (AC +2) [demonic ancestry]
 11124 | D:8      | Reached XP level 10. HP: 48/79 MP: 13/17
 11129 | D:8      | Reached skill level 1 in Long Blades
 11156 | D:8      | Found a flagged portal.
 11163 | Bailey   | Entered a bailey
 11301 | Bailey   | Noticed an orc knight
 11373 | Bailey   | HP: 2/79 [orc warrior/+0 war axe (15)]
 11378 | Bailey   | HP: 1/79 [orc warrior/+0 war axe (5)]
 11398 | Bailey   | HP: 2/79 [orc warrior/+0 war axe (13)]
 11398 | Bailey   | Mangled by an orc warrior

Illustrated notes

Levels and vault maps discovered:
D:1:      lemuel_arrival_cross, layout_basic, shapermc_ecumenical_altar_ellora,
          serial_glass, glass_columns_a, glass_columns_a, glass_columns_c
D:2:      layout_loops_ring
D:3:      layout_basic, tgw_fedhas, lemuel_round_altar,
          mainiacjoe_overflow_boulevard, mainiacjoe_overflow_paths,
          serial_shops, nicolae_shop_advertising_works
          [nicolae_subvault_shop_adworks], gammafunk_ghost_cemetery
D:4:      layout_rooms, marbit_many_paths, uniq_duvessa
D:5:      layout_loops_ring, okawaru_ov_weapons_minmay, serial_aquarium,
          aquarium_bridge_square [aquarium_subvault_wall,
          aquarium_subvault_bridge, aquarium_subvault_bridge,
          aquarium_subvault_bridge], aquarium_bridge_island_small
          [aquarium_subvault_small_open, aquarium_subvault_wall,
          aquarium_subvault_bridge, aquarium_subvault_window,
          aquarium_subvault_balcony], aquarium_window_fake,
          aquarium_window_fake, aquarium_window_corridor_1, aquarium_window_1,
          aquarium_view_2a, aquarium_balcony_3b, aquarium_pool_side,
          minmay_shop_enchanted_jewellery, serial_bayou_pond_c,
          minmay_misc_feat_nine_boxes, nicolae_elemental_shop
D:6:      layout_layer_cave, serial_shops, nicolae_stop_n_shop_1
D:7:      layout_basic, minmay_temple_entry_glassed_door, moated_statue,
          chequers_mini_garden, minmay_misc_feat_five, kennysheep_generic_room_6
D:8:      layout_rooms, kiku_gazebo_garden_becter, enter_bailey_1,
          serial_co_window_serial, co_window_paths_a, co_window_corner_a,
          co_window_corner_a, co_window_paths_a, co_window_corner_a,
          co_window_2corner, co_window_unsneaky_path_d, co_window_corner_b,
          co_window_corner_cb, co_window_4corner_a, co_window_sun,
          glass_columns_b, glass_columns_b, glass_columns_b, glass_columns_b,
          glass_columns_c, special_room [special_room_orc]
Bailey:   bailey_axe_3, bailey

Skill      XL: |  1  2  3  4  5  6  7  8  9 10 |
---------------+-------------------------------+-----
Transmutations | 2 3 4 |  4.2
Fighting       | 2 3 4 5 6 7 |  7.0
Invocations    | 1 3 4 5 6 8 |  8.9
Ice Magic      | 2 3 5 6 7 |  7.0
Spellcasting   | 3 5 |  5.0
Dodging        | 2 |  2.7
Long Blades    | 1 |  1.2
Throwing       | |  1.7
Poison Magic   | |  2.0
Evocations     | |  1.0

Action                   |  1- 3 |  4- 6 |  7- 9 | 10-12 || total
-------------------------+-------+-------+-------+-------++-------
Melee: Dagger            |    71 |    71 |   233 |    13 ||   388
       Kick              |     9 |    17 |    75 |    13 ||   114
       Headbutt          |     6 |    19 |    64 |     8 ||    97
       Punch             |     2 |       |     5 |       ||     7
       Staff             |       |       |     7 |       ||     7
       Trident           |       |       |    26 |       ||    26
       Sling             |       |       |     1 |       ||     1
       Spear             |       |       |    38 |    30 ||    68
 Fire: Sling             |    32 |    47 |    43 |    17 ||   139
Throw: Dart              |     3 |     1 |     5 |     1 ||    10
       Stone             |     1 |       |       |     1 ||     2
 Cast: Beastly Appendage |    12 |    15 |    47 |     5 ||    79
       Sting             |    53 |    47 |    62 |       ||   162
       Ozocubu's Armour  |       |       |    31 |     5 ||    36
Evoke: Wand              |       |       |     6 |     1 ||     7
  Use: Scroll            |     1 |     3 |    14 |     3 ||    21
       Potion            |       |     1 |     6 |     1 ||     8
 Stab: Sleeping          |       |     1 |     2 |       ||     3
       Invisible         |       |       |     3 |       ||     3
Armor: Robe              |    18 |    18 |   112 |    10 ||   158
Dodge: Dodged            |    62 |    48 |   252 |    30 ||   392
Block: Other             |     2 |    24 |    29 |       ||    55
